 Dungeon Crawl Stone Soup version 0.29.1-12-g30fa7ad0bf (webtiles) character file.

Game seed: 11134448262836645482

18 wormed the Trooper (level 2, 0/24 HPs)
             Began as a Demonspawn Monk on Dec 28, 2022.
             Slain by an adder (2 damage)
             ... on level 2 of the Dungeon.
             The game lasted 00:01:32 (479 turns).

wormed the Trooper (Demonspawn Monk)                 Turns: 479, Time: 00:01:33

Health: 0/24       AC:  2    Str: 11    XL:     2   Next: 51%
Magic:  2/2        EV: 13    Int: 11    God:
Gold:   61         SH:  0    Dex: 15    Spells: 1/1 levels left

rFire   . . .      SeeInvis .   a - +0 falchion
rCold   . . .      Faith    .   (no shield)
rNeg    . . .      Spirit   .   b - +0 robe
rPois   +          Reflect  .   (no helmet)
rElec   .          Harm     .   (no cloak)
rCorr   .          Rampage  .   (no gloves)
Will    .....                   (no boots)
Stlth   ++........              (no amulet)
HPRegen 0.08/turn               d - ring of poison resistance
MPRegen 0.08/turn               (no ring)

@: no status effects
A: hooves 1
a: no special abilities


You were on level 2 of the Dungeon.
You visited 1 branch of the dungeon, and saw 2 of its levels.

You collected 61 gold pieces.

Inventory:

Hand Weapons
 a - a +0 falchion (weapon)
Missiles
 g - 2 javelins (quivered)
Armour
 b - a +0 robe (worn)
Jewellery
 d - a ring of poison resistance (left hand)
Scrolls
 e - a scroll of summoning {unknown}
 f - 3 scrolls of teleportation {unknown}
 h - a scroll of immolation {unknown}
 i - 2 scrolls of butterflies {unknown}
Potions
 c - 2 potions of ambrosia


   Skills:
 + Level 3.2 Fighting
 * Level 3.1 Long Blades
 + Level 2.9 Dodging
 - Level 2.0 Stealth


You had one spell level left.
You didn't know any spells.
Your spell library was empty.

Dungeon Overview and Level Annotations

Branches:
Dungeon (1/15)

Altars:


Innate Abilities, Weirdness & Mutations

You have large cloven feet.


Message History

The ball python closely misses you. The ball python constricts you.
You slash the ball python!
You kill the ball python!
i - 2 scrolls labelled ULERHAP GUIBUSE You see here a +0 dagger.
A kobold and an adder come into view.
Found a black potion.
There are monsters nearby!
A kobold comes into view. It is wielding a +0 club.
The kobold shouts!
The kobold hits you with a +0 club. The kobold hits you but does no damage.
You barely miss the kobold. The kobold closely misses you.
The kobold misses you.
You closely miss the kobold.
The adder hisses angrily.
You kick the kobold.
You kill the kobold!
The kobold hits you with a +0 whip.
You closely miss the kobold. Your kick misses the kobold.
The kobold hits you with a +0 whip. The adder bites you.
You closely miss the adder. The kobold closely misses you. The adder bites you.
The kobold hits you with a +0 whip.
You are too injured to fight recklessly!
You are too injured to fight recklessly!
You miss the kobold. Your kick misses the kobold. The adder misses you.
The adder closely misses you. The kobold closely misses you.
You miss the kobold. The adder bites you.
* * * LOW HITPOINT WARNING * * *
The kobold hits you with a +0 whip.
* * * LOW HITPOINT WARNING * * *
You miss the adder. Your kick misses the adder. The adder closely misses you.
The kobold hits you with a +0 whip.
* * * LOW HITPOINT WARNING * * *
The adder misses you.
You barely miss the adder. Your kick misses the adder. The adder misses you.
The kobold misses you.
You hit the kobold.
You kill the kobold!
The adder bites you.
You die...

.....#
#.........#...# #
#..............
#####..####..#
##)####...##
###..#.......#
#...#....!#
#.#.......# .
...#...#...#....
..........@.......
......###.S)......
....#. ...........
....#..#....#....
.##.#.......#....
.........# ##.
#......####
.......


You could see an adder.

Vanquished Creatures
  3 ball pythons
  2 endoplasms (D:1)
  A giant cockroach (D:1)
  2 goblins (D:1)
  A hobgoblin (D:1)
  A jackal (D:1)
  2 kobolds (D:2)
  A quokka (D:1)
  2 bats (D:1)
  A frilled lizard (D:1)
16 creatures vanquished.

Notes
Turn   | Place    | Note
-------+----------+-------------------------------------------
     0 | D:1      | wormed the Demonspawn Monk began the quest for the Orb.
     0 | D:1      | Reached XP level 1. HP: 18/18 MP: 1/1
   277 | D:1      | Gained mutation: You have large cloven feet. [demonic
                  | ancestry]
   277 | D:1      | Reached XP level 2. HP: 22/24 MP: 2/2
   434 | D:1      | You fall into a shaft and drop 1 floor!
   479 | D:2      | Slain by an adder

Illustrated notes

Levels and vault maps discovered:
D:1:      spicycebolla_green_bress_n_ham, layout_rooms,
          dreamdust_ecumenical_altar_hidden_monk_grotto, st_stairs_7,
          minmay_misc_feat_alley, nicolae_wormholes
D:2:      layout_rooms, uniq_robin

Skill      XL: |  1  2 |
---------------+-------+-----
Stealth        | 2 |  2.0
Long Blades    | 3 |  3.1
Fighting       | |  3.2
Dodging        | |  2.9

Action                   || total
-------------------------++-------
Melee: Falchion          ||    41
       Kick              ||     1
 Stab: Sleeping          ||     2
Armor: Robe              ||     8
Dodge: Dodged            ||    28
